 Dungeon Crawl Stone Soup version 0.16.1-28-gcc2312f (webtiles) character file.

2191 Miyamura the Basher (level 9, -8/93 HPs)
             Began as an Ogre Wizard on May 26, 2015.
             Was a Believer of Okawaru.
             Killed from afar by heinrich's ghost (24 damage)
             ... with an orb of energy
             ... on level 8 of the Dungeon.
             The game lasted 00:57:12 (14874 turns).

Miyamura the Basher (Ogre Wizard)                  Turns: 14874, Time: 00:57:12

Health: -8/93      AC:  3    Str: 14    XL:     9   Next: 33%
Magic:  0/33       EV: 11    Int: 18    God:    Okawaru [**....]
Gold:   461        SH:  0    Dex: 10    Spells: 6 memorised, 10 levels left

rFire  . . .     SeeInvis .     F - +2 flail (venom)
rCold  . . .     Clarity  .     a - +0 robe
rNeg   . . .     SustAb   .     (shield restricted)
rPois  .         Gourm    .     b - +0 hat
rElec  .         Spirit   +     (no cloak)
rCorr  .         Warding  .     (gloves unavailable)
rMut   .         Stasis   .     (boots unavailable)
MR     .....                    m - amulet of guardian spirit
Stlth  +.........               J - ring of magical power
                                n - ring of invisibility

@: about to teleport, not resistant to hostile enchantments, very unstealthy
A: unfitting armour, tough skin 1
a: Heroism, Renounce Religion, Evoke Invisibility


You were on level 8 of the Dungeon.
You worshipped Okawaru.
Okawaru was pleased with you.
You were not hungry.

You visited 2 branches of the dungeon, and saw 9 of its levels.

You collected 461 gold pieces.

Inventory:

Hand weapons
 j - a +0 short sword of protection
 F - a +2 flail of venom (weapon)
 I - the +2 mace of Qazlal's Scorn {antimagic, MR+ Int-5 Dex+3}
   (You found it on level 5 of the Dungeon)

   It disrupts the flow of magical energy around spellcasters and certain
   magical creatures (including the wielder).
   It affects your intelligence (-5).
   It affects your dexterity (+3).
   It affects your resistance to hostile enchantments.
Armour
 a - a +0 robe (worn)
 b - a +0 hat (worn)
Magical staves
 s - an uncursed staff of wizardry
Jewellery
 i - an uncursed ring of ice
 m - an amulet of guardian spirit (around neck)
 n - a ring of invisibility (left hand)
 o - a cursed ring of teleportation
 J - a ring of magical power (right hand)
Magical devices
 v - a wand of frost (0)
 A - a wand of teleportation (2)
 H - a wand of digging (13)
 N - a wand of lightning (8)
 O - a wand of confusion (27)
 R - a wand of polymorph (14)
Scrolls
 h - 2 scrolls of amnesia
 p - a scroll of recharging
 u - 2 scrolls of fog
 w - a scroll of remove curse {unknown}
 x - a scroll of fear {unknown}
 y - a scroll of enchant weapon {unknown}
 D - a scroll of teleportation {unknown}
 E - a scroll of blinking
 K - a scroll of magic mapping {unknown}
 P - a scroll of holy word {unknown}
Potions
 e - a potion of cancellation {unknown}
 g - a potion of curing
 l - 2 potions of lignification
 q - a potion of beneficial mutation {unknown}
 t - a potion of haste
 z - a potion of invisibility {unknown}
 B - a potion of might {unknown}
 C - a potion of restore abilities {unknown}
 L - a potion of resistance
 M - 2 potions of agility
 T - a potion of magic {unknown}
Books
 c - a book of Minor Magic

   Spells                             Type                      Level
   a - Magic Dart                     Conjuration                  1
   b - Blink                          Translocation                2
   c - Call Imp                       Summoning                    2
   d - Repel Missiles                 Charms/Air                   2
   e - Slow                           Hexes                        2
   f - Conjure Flame                  Conjuration/Fire             3
   g - Mephitic Cloud                 Conjuration/Poison/Air       3
 G - a book of Clouds

   Spells                             Type                      Level
   a - Mephitic Cloud                 Conjuration/Poison/Air       3
   b - Conjure Flame                  Conjuration/Fire             3
   c - Poisonous Cloud                Conjuration/Poison/Air       6
   d - Freezing Cloud                 Conjuration/Ice/Air          6
   e - Ring of Flames                 Charms/Fire                  7
 Q - a Young Poisoner's Handbook

   Spells                             Type                      Level
   a - Sting                          Conjuration/Poison           1
   b - Cure Poison                    Poison                       2
   c - Mephitic Cloud                 Conjuration/Poison/Air       3
   d - Olgreb's Toxic Radiance        Poison                       4
   e - Venom Bolt                     Conjuration/Poison           5
Comestibles
 d - 3 meat rations
 f - 5 beef jerkies
 k - 4 slices of pizza
 r - 8 fruits
 S - 8 chunks of flesh


   Skills:
 + Level 7.6 Fighting
 + Level 8.1 Maces & Flails
 + Level 5.7 Dodging
 - Level 1.5 Stealth
 + Level 7.4 Spellcasting
 - Level 0.6 Conjurations
 - Level 0.6 Summonings
 - Level 0.6 Translocations


You had 10 spell levels left.
You knew the following spells:

 Your Spells              Type           Power        Failure   Level  Hunger
a - Magic Dart            Conj           #...         12%         1    None
b - Blink                 Tloc           N/A          14%         2    None
c - Call Imp              Summ           #.......     14%         2    None
d - Cure Poison           Pois           #.........   17%         2    None
r - Repel Missiles        Chrm/Air       #.....       17%         2    None
C - Mephitic Cloud        Conj/Pois/Air  #.......     30%         3    #......


Dungeon Overview and Level Annotations

Branches:
Dungeon (8/15)             Temple (1/1) D:4
   Lair: D:8-11

Altars:
Cheibriados
Dithmenos
Elyvilon
Fedhas
Gozag
Kikubaaqudgha
Makhleb
Nemelex Xobeh
Okawaru
Qazlal
Ru
Sif Muna
Trog
Vehumet
Xom
Yredelemnul
Zin
The Shining One

Shops:
D:5 *

Annotations:
D:4 Uberwunderbarhen's ghost, average DsGl
D:8 heinrich's ghost, experienced OpCj


Innate Abilities, Weirdness & Mutations

You are too large for most types of armour.
You have tough skin (AC +1).


Message History

Heinrich's ghost is almost destroyed.
Heinrich's ghost takes aim.
Heinrich's ghost hits you.
You writhe in agony.
You closely miss heinrich's ghost.
Heinrich's ghost is almost destroyed.
Heinrich's ghost casts a spell at you. The orb of energy hits you!
* * * LOW HITPOINT WARNING * * *
The orb of energy explodes!
Evoke which item? (* to show all) (? for menu, Esc to quit)
Zapping:
A - a wand of teleportation (3)
Press: ? - help, Shift-Dir - straight line, f - you, p - heinrich's ghost You feel strangely unstable.
This wand has 2 charges left.
Heinrich's ghost hits you!
* * * LOW HITPOINT WARNING * * *
You writhe in agony.
* * * LOW HITPOINT WARNING * * *
Heinrich's ghost casts a spell at you. The orb of energy hits you!
You die...

#######.###.##.#
...........#.##.#
.######.#.#.##.#
####.#.#.##.#
#......#.##.#
#.##.###.##.######
#.##.# #.##.##....
#.##.# #.##.##.###
#@##.# #.##.#
#.##.# #.###
#W##.# #....
..##.. ..######
...##.. ..K..ยง..
....# ...#####
#..... # #..... #
#..... #


You could see heinrich's ghost.

Vanquished Creatures
  Prince Ribbit (D:7)
  An ice beast (D:3)
  An ogre (D:4)
  A sky beast (D:5)
  The ghost of Oddysee the Poker, an average MfBe of Trog (D:3)
  2 centaurs
  An orc warrior (D:8)
  Sigmund (D:5)
  A giant frog (D:8)
  Blork the orc (D:7)
  3 scorpions (D:7)
  3 wights
  A crimson imp (D:5)
  A gnoll shaman (D:5)
  2 orc priests (D:7)
  2 hounds
  2 giant frog skeletons (D:5)
  2 iguanas
  2 orc wizards
  5 worker ants
  Terence (D:2)
  8 gnolls
  Robin (D:3)
  4 adders
  3 shadow imps
  A giant mite (D:5)
  3 worms
  2 adder skeletons
  3 giant geckos
  An ooze (D:3)
  19 orcs
  2 ball pythons
  9 bats
  3 bat skeletons
  7 giant cockroaches
  18 hobgoblins
  24 jackals
  13 kobolds
  A quokka (D:2)
  A giant gecko zombie (D:5)
  4 giant newts
  A giant newt zombie (D:5)
  18 goblins
  A quokka skeleton (D:7)
  10 rats
192 creatures vanquished.

Vanquished Creatures (collateral kills)
  An ice beast (D:7)
  A scorpion (D:4)
  A giant frog zombie (D:5)
  A hound (D:4)
  2 orc priests (D:3)
  2 orc wizards
  A worker ant (D:3)
  Ijyb (D:2)
  10 adders
  A giant mite (D:4)
  2 worms
  2 orcs
  A giant cockroach (D:3)
  3 hobgoblins (D:3)
  2 kobolds (D:2)
  A ball python (D:2)
  A bat (D:1)
  A giant newt (D:2)
  10 goblins
  10 jackals
  2 rats
56 creatures vanquished.

Vanquished Creatures (others)
  A wizard (D:3)
  8 crimson imps
  An iron imp (D:4)
  5 shadow imps
  7 white imps
22 creatures vanquished.

Grand Total: 270 creatures vanquished

Notes
Turn   | Place    | Note
--------------------------------------------------------------
     0 | D:1      | Miyamura, the Ogre Wizard, began the quest for the Orb.
     0 | D:1      | Reached XP level 1. HP: 16/16 MP: 4/4
   110 | D:1      | Reached skill level 1 in Maces & Flails
   368 | D:1      | Reached XP level 2. HP: 19/24 MP: 1/6
   824 | D:1      | Learned a level 2 spell: Call Imp
   827 | D:1      | Learned a level 2 spell: Blink
  1113 | D:1      | Found an iron altar of Okawaru.
  1126 | D:1      | Became a worshipper of Warmaster Okawaru
  1371 | D:2      | Reached XP level 3. HP: 7/31 MP: 1/8
  1439 | D:2      | Reached skill level 4 in Spellcasting
  1811 | D:2      | Noticed Terence
  1829 | D:2      | Killed Terence
  1934 | D:2      | Reached XP level 4. HP: 38/40 MP: 11/11
  1977 | D:2      | Noticed Ijyb
  1990 | D:2      | Killed Ijyb
  1990 | D:2      | Reached skill level 1 in Fighting
  2280 | D:2      | Learned a level 3 spell: Mephitic Cloud
  2692 | D:3      | Noticed Robin
  2717 | D:3      | Killed Robin
  2717 | D:3      | Reached XP level 5. HP: 40/48 MP: 9/13
  3046 | D:3      | Found a bloodstained altar of Trog.
  3046 | D:3      | Noticed a wizard
  3053 | D:3      | Killed a wizard
  3470 | D:3      | Noticed Oddysee's ghost (average MfBe)
  3734 | D:2      | Acquired Okawaru's first power
  3916 | D:3      | Reached XP level 6. HP: 34/59 MP: 9/15
  6226 | D:3      | Reached skill level 5 in Spellcasting
  6467 | D:4      | Noticed Uberwunderbarhen's ghost (average DsGl)
  6765 | D:4      | Learned a level 2 spell: Repel Missiles
  6963 | D:4      | Reached skill level 5 in Maces & Flails
  7002 | D:4      | Reached XP level 7. HP: 40/67 MP: 2/18
  8076 | D:3      | Killed Oddysee's ghost
  8322 | D:4      | Found a staircase to the Ecumenical Temple.
  8420 | Temple   | Entered the Ecumenical Temple
  8997 | D:5      | Entered Level 5 of the Dungeon
  8997 | D:5      | Found Gozag's Platinum Reserve.
  9074 | D:5      | Found an opulent altar of Gozag.
  9092 | D:5      | Noticed Sigmund
  9150 | D:5      | Killed Sigmund
  9150 | D:5      | Reached skill level 6 in Maces & Flails
  9327 | D:5      | Reached skill level 5 in Fighting
  9548 | D:5      | Reached XP level 8. HP: 38/80 MP: 7/21
 10000 | D:5      | Got a polished mace
 10001 | D:5      | Identified the +2 mace of Qazlal's Scorn {antimagic, MR+ Int-5 Dex+3} (You found it on level 5 of the Dungeon)
 12617 | D:7      | Reached skill level 7 in Maces & Flails
 12725 | D:7      | Learned a level 2 spell: Cure Poison
 12737 | D:7      | Reached skill level 5 in Dodging
 12849 | D:7      | Noticed Prince Ribbit
 13432 | D:7      | Reached XP level 9. HP: 83/92 MP: 23/23
 14250 | D:7      | Killed Prince Ribbit
 14583 | D:8      | Noticed Blork the orc
 14612 | D:8      | Reached skill level 8 in Maces & Flails
 14627 | D:7      | Killed Blork the orc
 14854 | D:8      | Noticed heinrich's ghost (experienced OpCj)
 14874 | D:8      | Killed from afar by heinrich's ghost

Action                   |  1- 3 |  4- 6 |  7- 9 || total
-------------------------+-------+-------+-------++-------
Melee: Mace              |   106 |    15 |       ||   121
       Club              |       |   287 |   155 ||   442
       Flail             |       |       |   305 ||   305
 Cast: Magic Dart        |    20 |    10 |    10 ||    40
       Call Imp          |    19 |    68 |    75 ||   162
       Repel Missiles    |       |       |     4 ||     4
       Mephitic Cloud    |       |       |     1 ||     1
       Cure Poison       |       |       |     1 ||     1
Invok: Heroism           |       |       |     4 ||     4
 Abil: Evoke Invisibilit |       |       |     3 ||     3
Evoke: Wand              |       |     1 |    12 ||    13
  Use: Potion            |     1 |       |     2 ||     3
       Scroll            |       |     6 |     6 ||    12
 Stab: Distracted        |       |     1 |       ||     1
       Invisible         |       |       |     4 ||     4
  Eat: Chunk             |     4 |    14 |    22 ||    40
       Bread ration      |       |     1 |     1 ||     2
